 Dungeon Crawl Stone Soup version 0.29.0-13-gc9e81de378 (webtiles) character file.

Game seed: 11210012235825797623

123 Ofeo the Firebug (level 5, -1/39 HPs)
             Began as a Meteoran Fire Elementalist on Sept 9, 2022.
             Slain by Duvessa
             ... wielding a +2 short sword of protection
              (4 damage)
             ... on level 4 of the Dungeon.
             The game lasted 00:03:17 (320 turns).

Ofeo the Firebug (Meteoran Fire Elementalist)        Turns: 320, Time: 00:03:18

Health: -1/39      AC:  2    Str:  9    XL:     5   Next: 54%
Magic:  10/11      EV: 13    Int: 19    God:
Gold:   22         SH:  0    Dex: 14    Spells: 8/11 levels left

rFire   . . .      SeeInvis .   (no weapon)
rCold   . . .      Faith    .   (no shield)
rNeg    . . .      Spirit   .   a - +0 robe
rPois   .          Reflect  .   (no helmet)
rElec   .          Harm     .   (no cloak)
rCorr   .          Rampage  .   (no gloves)
Will    .....                   (no boots)
Stlth   +.........              (no amulet)
HPRegen 0.13/turn               (no ring)
MPRegen 0.12/turn               (no ring)

@: glowing
A: sense surroundings 1, otherworldly, glowing, explore regen
a: no special abilities


You were on level 4 of the Dungeon.
You visited 1 branch of the dungeon, and saw 5 of its levels.

You collected 22 gold pieces.

Inventory:

Missiles
 c - 2 curare-tipped darts
Armour
 a - a +0 robe (worn)
Wands
 j - a wand of charming (12)
Scrolls
 e - a scroll of butterflies {unknown}
 g - a scroll of blinking {unknown}
 h - a scroll of immolation {unknown}
 i - a scroll of vulnerability {unknown}
Potions
 d - a potion of brilliance {unknown}
 f - a potion of cancellation {unknown}


   Skills:
 + Level 0.3 Fighting
 + Level 3.4 Dodging
 + Level 2.1 Stealth
 + Level 3.6 Spellcasting
 + Level 2.6 Conjurations
 + Level 4.3 Fire Magic


You had 8 spell levels left.
You knew the following spells:

 Your Spells              Type           Power      Damage    Failure   Level
a - Foxfire               Conj/Fire      64%        2x1d7     3%          1
b - Scorch                Fire           40%        2d7       3%          2

Your spell library contained the following spells:

 Spells                   Type           Power      Damage    Failure   Level
 Conjure Flame            Conj/Fire      16%        6-21      10%         3
 Inner Flame              Hex/Fire       11%        N/A       17%         3
 Flame Wave               Conj/Fire      16%        2d7       32%         4


Dungeon Overview and Level Annotations

Branches:
Dungeon (5/15) Zot: 2679
 Temple: D:4-7

Altars:

Annotations:
D:4 Dowan, Duvessa


Innate Abilities, Weirdness & Mutations

You passively map a small area around you.
You are easily found by Zot.
You glow in the dark.
You regain HP and MP as you explore.


Message History

Confirm with . or Enter, or press ? or * to list all spells.
Flames lash the phantom.
The phantom is burned terribly!
The phantom is almost destroyed.
You hear a shout!
The phantom misses you.
Dowan casts a spell.
Dowan blinks!
You now have 0/11 mp.
Okay, then.
Magic courses through your body. The phantom misses you.
The orc hits you with a +0 falchion. The worm bites you!
Dowan mumbles some strange words.
Dowan blinks!
You take 16 damage, and have 17/39 hp.
MASSIVE DAMAGE!!
MP restored: 11
Casting: Scorch (safe; 3% risk of failure)
Confirm with . or Enter, or press ? or * to list all spells.
Flames lash the orc.
You kill the orc!
The phantom hits you. The worm bites you.
* * * LOW HITPOINT WARNING * * *
You take 8 damage, and have 9/39 hp.
MASSIVE DAMAGE!!
You now have 9/11 mp.
The phantom attacks as you move away! The phantom misses you.
Duvessa hits you with a +2 short sword of protection.
* * * LOW HITPOINT WARNING * * *
Dowan barely misses you.
You take 6 damage, and have 3/39 hp.
You regained 2 hp, and now have 5/39 hp.
Casting: Scorch (safe; 3% risk of failure)
Confirm with . or Enter, or press ? or * to list all spells.
Okay, then.
Dowan gestures at Duvessa while chanting.
Duvessa seems to speed up.
The phantom attacks as you move away! The phantom hits you.
* * * LOW HITPOINT WARNING * * *
Duvessa hits you with a +2 short sword of protection.
You die...

, * , , #.....# , , ,
#...... ##* * * ,,
#......#.### ... # ,
#.........., * ....## ,
.#........., , #......
..........#* ,,..........
?.........#,,, ..........
, ........@# ....##.... ,
.......We# #.............
#.....ewo#*........†.....
.........###....,........
*, ........##.#...##
,##....
.......)#.......### #..).
, ,
.......g..........####.<.
............§............
,
...................#.....


You could see Duvessa (fast), a phantom (combustible), Dowan, a worm
(combustible), an orc and a hobgoblin.

Vanquished Creatures
  A scorpion (D:5)
  An iguana (D:4)
  2 adders (D:4)
  An orc (D:4)
  An endoplasm (D:1)
  A giant cockroach (D:4)
  A goblin (D:4)
  4 hobgoblins (D:1)
  A quokka (D:1)
  3 ball pythons
  2 bats (D:1)
  2 kobolds
  4 rats
24 creatures vanquished.

Vanquished Creatures (others)
  51 foxfires
51 creatures vanquished.

Grand Total: 75 creatures vanquished

Notes
Turn   | Place    | Note
-------+----------+-------------------------------------------
     0 | D:1      | Ofeo the Meteoran Fire Elementalist began the quest for the
                  | Orb.
     0 | D:1      | Reached XP level 1. HP: 14/14 MP: 5/5
    56 | D:1      | Reached XP level 2. HP: 6/20 MP: 0/6
   107 | D:1      | Learned a level 2 spell: Scorch
   197 | D:2      | Reached XP level 3. HP: 26/26 MP: 2/8
   233 | D:4      | Reached skill level 4 in Fire Magic
   240 | D:5      | Entered Level 5 of the Dungeon
   258 | D:5      | Noticed a scorpion
   265 | D:5      | Killed a scorpion
   266 | D:5      | Reached XP level 4. HP: 33/33 MP: 1/10
   266 | D:5      | Reached XP level 5. HP: 38/38 MP: 1/11
   293 | D:4      | Noticed a phantom
   310 | D:4      | Noticed Duvessa
   310 | D:4      | Noticed Dowan
   320 | D:4      | Slain by Duvessa

Illustrated notes

Levels and vault maps discovered:
D:1:      dpeg_arrival_boxes_within_box, layout_basic
D:2:      layout_basic, basic_altar
D:3:      layout_loops_ring, portal_sewer_entry_e
D:4:      layout_cave_pools, uniq_duvessa
D:5:      layout_loops_corners, nicolae_gozag_seed_capital

Skill      XL: |  1  2  3 |
---------------+----------+-----
Spellcasting   | 3 |  3.6
Dodging        | 3 |  3.4
Conjurations   | 2 |  2.6
Fire Magic     | 4 |  4.3
Stealth        | 2 |  2.1
Fighting       | |  0.3

Action                   |  1- 3 |  4- 6 || total
-------------------------+-------+-------++-------
Melee: Unarmed           |     2 |       ||     2
 Cast: Foxfire           |    26 |     5 ||    31
       Scorch            |     7 |    10 ||    17
  Use: Potion            |       |     1 ||     1
Armor: Robe              |     2 |       ||     2
Dodge: Dodged            |     8 |    13 ||    21
